cohdb
Replays
Latest Replays
All Replays
Popular Replays
Top Player Replays
Match Explorer
How It Works
Community
CoH3 Stats
Reddit
Sign in to upload your games and track your stats! →
Sign in with Steam
Match 42958718
Unlisted
Match 42958718
Overview
Messages
Build Orders
End
Construct Barracks
Scout Squad
Riflemen Squad
Riflemen Squad
Construct Weapon Support Center
Bazooka Squad
Infantry Support Center
M1919 Machine Gun Team
Construct Motor Pool
Grenade Package
Selects Advanced Infantry Battlegroup
Selects Convert to Ranger Squad
Convert to Ranger Squad
M1 Anti-tank Gun Team
M8 Greyhound Armored Car
Convert to Ranger Squad
Engineer Squad
Selects Frontline Medical Station
Selects Infantry Assault
Infantry Assault
Construct Tank Depot
Selects Artillery Observers
Selects Artillery Observers
Selects M2A1 105mm Howitzer Emplacement
M18 Hellcat Tank Destroyer
M1 Anti-tank Gun Team
Infantry Assault
M18 Hellcat Tank Destroyer
Selects 155mm Rapid Artillery Barrage
R4md4c
spongebob
deadsadbadmad
Alessandro-9891
0
0
Comments
sign in to comment!
No comments posted yet!